 Dungeon Crawl Stone Soup version 0.14-a0-1007-gacdcbbe (webtiles) character file.

8090 PolkaDot the Conjurer (level 10, -3/63 HPs)
             Began as a Vampire Conjurer on Nov 22, 2013.
             Was a Believer of Vehumet.
             Slain by an orc warrior
             ... wielding a cursed +0,+0 orcish glaive
              (25 damage)
             ... on Level 10 of the Dungeon.
             The game lasted 00:59:47 (12446 turns).

PolkaDot the Conjurer (Vampire Conjurer)           Turns: 12446, Time: 00:59:47

HP  -3/63        AC  4     Str  7      XL: 10   Next: 95%
MP   1/22        EV 12     Int 20      God: Vehumet [**....]
Gold 590         SH  0     Dex 14      Spells:  7 memorised,  4 levels left

Res.Fire  : + . .   See Invis. : +   x - +4,+2 elf spear (vamp)
Res.Cold  : . . .   Warding    : .   B - +0 robe {rC+}
Life Prot.: + + .   Conserve   : .   (no shield)
Res.Poison: .       Res.Corr.  : .   (no helmet)
Res.Elec. : .       Clarity    : .   A - +0 elf cloak
Sust.Abil.: . .     Spirit.Shd : .   E - +0 pair of dwarf gauntlets
Res.Mut.  : .       Stasis     : .   (no boots)
Res.Rott. : .       Flight     : .   a - amulet of faith
Saprovore : . . .                    F - ring of fire
                                     e - ring of positive energy

@: somewhat resistant to hostile enchantments, stealthy
A: bottle blood, fangs 3, see invisible, unbreathing
a: Bat Form, Bottle Blood, Renounce Religion


You were on level 10 of the Dungeon.
You worshipped Vehumet.
Vehumet was pleased with you.
You were not thirsty.

You visited 2 branches of the dungeon, and saw 11 of its levels.

You collected 590 gold pieces.

Inventory:

Hand weapons
 x - a +4,+2 elven vampiric spear (weapon)
Armour
 A - a +0 elven cloak (worn)
 B - a +0 robe of cold resistance (worn)
 E - a +0 pair of dwarven gauntlets (worn)
Magical devices
 j - a wand of random effects (14)
 u - a wand of digging (24)
 v - a wand of fireball (2)
 y - a wand of fire (7) {unknown}
 C - a wand of disintegration (14) {unknown}
Scrolls
 b - 2 scrolls of magic mapping
 d - 2 scrolls of teleportation
 m - 7 scrolls of remove curse
 n - a scroll of amnesia
 r - a scroll of recharging
 s - 2 scrolls of fog
 w - 2 scrolls of immolation {unknown}
Jewellery
 a - an amulet of faith (around neck)
 e - a ring of positive energy (left hand)
 g - a +0,+8 ring of slaying {unknown}
 l - an uncursed ring of hunger
 t - an uncursed ring of positive energy
 F - a ring of fire (right hand)
Potions
 f - 4 potions of brilliance
 h - a potion of berserk rage
 i - 6 potions of curing
 k - a potion of flight
 z - 3 potions of heal wounds
 D - a potion of resistance
Books
 c - a book of Conjurations

   Spells                             Type                      Level
   *Magic Dart                        Conjuration                  1
   *Searing Ray                       Conjuration                  2
   Dazzling Spray                     Conjuration/Hexes            3
   *Iskenderun's Mystic Blast         Conjuration                  4
   *Iskenderun's Battlesphere         Conjuration/Charms           4
   Fulminant Prism                    Conjuration/Hexes            5
 o - a book of Summonings

   Spells                             Type                      Level
   Abjuration                         Summoning                    3
   Recall                             Summoning/Translocation      3
   Summon Elemental                   Summoning                    4
   Shadow Creatures                   Summoning                    5
   Summon Demon                       Summoning                    5
   Summon Ugly Thing                  Summoning                    6
 p - a book of Flames

   Spells                             Type                      Level
   Flame Tongue                       Conjuration/Fire             1
   *Throw Flame                       Conjuration/Fire             2
   Conjure Flame                      Conjuration/Fire             3
   Inner Flame                        Hexes/Fire                   3
   Sticky Flame                       Conjuration/Fire             4
   Fireball                           Conjuration/Fire             5


   Skills:
 - Level 2.1 Dodging
 - Level 3.0 Stealth
 + Level 5.3 Spellcasting
 - Level 10.0 Conjurations
 - Level 7.3 Charms
 + Level 2.9 Ice Magic
 * Level 6.4 Air Magic


You had 4 spell levels left.
You knew the following spells:

 Your Spells              Type           Power        Failure   Level  Hunger
a - Throw Flame           Conj/Fire      #####.       2%          2    None
b - Freeze                Ice            #...         3%          1    None
d - Iskenderun's Mystic   Conj           #####...     1%          4    ####...
s - Searing Ray           Conj           #####.       1%          2    None
x - Iskenderun's Battles  Conj/Chrm      #####...     3%          4    ####...
z - Magic Dart            Conj           ####         1%          1    None
A - Shock                 Conj/Air       ####         1%          1    None


Dungeon Overview and Level Annotations

Branches:
Dungeon (10/16)            Temple (1/1) D:7
    Orc: D:9-12        Lair: D:8-11

Altars:
Ashenzari
Cheibriados
Elyvilon
Fedhas
Kikubaaqudgha
Makhleb
Nemelex Xobeh
Okawaru
Sif Muna
Trog
Vehumet
Xom
Yredelemnul
Zin
the Shining One

Shops:
D:7 %

Annotations:
D:9 exclusion: 4 doors, Gastronok


Innate Abilities, Weirdness & Mutations

You can bottle blood from corpses.
You have razor-sharp teeth.*
You have supernaturally acute eyesight.
You can survive without breathing.*


Message History

You kill the orc!
Vehumet accepts your kill.
* * * LOW MAGIC WARNING * * *
Your battlesphere fires!
Your battlesphere expends the last of its energy and dissipates.
The orc priest misses you.
Casting: Iskenderun's Mystic Blast
Confirm with . or Enter, or press ? or * to list all spells.
You don't have enough magic to cast that spell.
You draw the orc priest's blood!
You feel better.
You feel slightly less thirsty.
You hit the orc priest.
You feel better.
The orc priest is moderately wounded.
You feel sick.
You feel better.
The orc warrior hits you from afar with an orcish glaive!
The orc priest closely misses you.
The orc priest utters an invocation to Beogh.
You feel troubled.
The orc warrior hits you from afar with an orcish glaive!
You die...

*,*,,>,,* #...,,,,,,,,* *,,
*,*,,,,,* #......,,,,,* *,,
*,,,,,*** #.......,,,,* *,,
******* #........,,,* *,, *
#.........,,* * , * #..%......,,*
*,, # #.o)......,,* *,,
###############.%%.......,** **,,
...............ยง@o.......,,,,,,,,
.........................,,,,,,,,
.....................###,,,***,,,
.....................#*,,,,,**...
.....................#,,,,,,,#..)
.....................#.,,, ,.#...
.).....................h,,,o.....
...)....................,,,......
........................,>,......


You could see an orc warrior and an orc priest.

Vanquished Creatures
  2 hill giants (D:10)
  Pikel (D:8)
  Psyche (D:9)
  The ghost of 4tharraofdagon the Chopper, an experienced DjFi of Makhleb (D:7)
  A wraith (D:10)
  A wyvern (D:9)
  2 hill giant zombies (D:10)
  Eustachio (D:4)
  A merfolk (D:9)
  A hungry ghost (D:8)
  2 hippogriffs
  A soldier ant (D:8)
  2 sky beasts (D:8)
  5 ogres
  An orc warrior (D:7)
  A crocodile (D:9)
  3 centaurs
  An ice beast (D:5)
  4 phantoms
  Duvessa (D:6)
  2 water moccasins
  7 giant frogs
  An eye of draining (D:9)
  A manticore skeleton (D:8)
  3 goliath beetles
  Dowan (D:6)
  8 killer bees
  7 crimson imps
  A quasit (D:8)
  An iguana (D:9)
  2 hounds
  2 big fish (D:9)
  7 orc wizards
  A jelly (D:8)
  4 worker ants
  2 scorpions
  5 orc priests
  A crocodile zombie (D:9)
  2 ogre skeletons
  A worker ant zombie (D:7)
  14 adders
  2 giant centipedes
  2 giant mites
  An inept item mimic (D:2)
  A goliath beetle zombie (D:9)
  3 iguana skeletons
  A scorpion zombie (D:5)
  2 giant eyeballs
  An ooze (D:4)
  36 orcs
  4 giant cockroaches
  11 goblins
  14 hobgoblins
  15 kobolds
  A ball python (D:2)
  15 bats
  6 giant geckos
  A giant gecko skeleton (D:5)
  A giant gecko zombie (D:6)
  6 giant newts
  A giant spore (D:6)
  6 jackals
  A jackal zombie (D:6)
  2 kobold skeletons
  A kobold zombie (D:7)
  4 quokkas
  A quokka zombie (D:6)
  9 rats
  5 ballistomycetes (D:6)
259 creatures vanquished.

Vanquished Creatures (others)
  An iguana (D:8)
  An orc (D:8)
  A giant spore (D:8)
  2 plants (D:1)
5 creatures vanquished.

Grand Total: 264 creatures vanquished

Notes
Turn   | Place    | Note
--------------------------------------------------------------
     0 | D:1      | PolkaDot, the Vampire Conjurer, began the quest for the Orb.
     0 | D:1      | Reached XP level 1. HP: 13/13 MP: 4/4
   363 | D:1      | Reached XP level 2. HP: 17/19 MP: 0/5
   457 | D:1      | Learned a level 2 spell: Searing Ray
   663 | D:1      | You fall through a shaft!
   948 | D:2      | Reached XP level 3. HP: 18/24 MP: 4/6
  1813 | D:1      | Reached skill level 4 in Conjurations
  2422 | D:2      | Reached XP level 4. HP: 30/30 MP: 8/8
  3339 | D:3      | Reached XP level 5. HP: 35/35 MP: 2/9
  3532 | D:3      | Reached skill level 5 in Conjurations
  4126 | D:4      | Noticed an ogre
  4140 | D:4      | Killed an ogre
  4140 | D:4      | Reached XP level 6. HP: 41/41 MP: 2/11
  4291 | D:4      | Noticed Eustachio
  4349 | D:4      | Noticed an ogre
  4359 | D:4      | Killed an ogre
  4879 | D:4      | Killed Eustachio
  4879 | D:4      | Reached skill level 6 in Conjurations
  4879 | D:4      | Reached XP level 7. HP: 41/46 MP: 0/14
  5094 | D:5      | Entered Level 5 of the Dungeon
  5435 | D:5      | Learned a level 4 spell: Iskenderun's Mystic Blast
  5440 | D:5      | Learned a level 4 spell: Iskenderun's Battlesphere
  5679 | D:5      | Reached skill level 1 in Charms
  6998 | D:6      | Noticed Duvessa
  7002 | D:6      | Noticed Dowan
  7010 | D:6      | Killed Duvessa
  7085 | D:6      | Killed Dowan
  7135 | D:6      | Reached XP level 8. HP: 52/52 MP: 5/18
  7291 | D:6      | Paralysed by a giant eyeball for 2 turns
  7560 | D:6      | Reached skill level 7 in Conjurations
  7922 | D:6      | Found a basalt altar of Yredelemnul.
  8703 | D:7      | Reached skill level 8 in Conjurations
  8712 | D:7      | Reached XP level 9. HP: 57/57 MP: 8/20
  8840 | D:7      | Found a staircase to the Ecumenical Temple.
  8887 | Temple   | Entered the Ecumenical Temple
  8988 | Temple   | Became a worshipper of Vehumet
  9166 | D:7      | Reached skill level 5 in Charms
  9485 | D:7      | Noticed 4tharraofdagon's ghost (experienced DjFi)
  9489 | D:7      | Learned a level 2 spell: Throw Flame
  9493 | D:7      | Killed 4tharraofdagon's ghost
  9632 | D:7      | Found Smo Morch's Food Emporium.
  9765 | D:8      | Found a snail-covered altar of Cheibriados.
  9937 | D:8      | Reached skill level 9 in Conjurations
  9981 | D:8      | Acquired Vehumet's first power
  9981 | D:8      | Offered knowledge of Shock by Vehumet.
  9984 | D:8      | Learned a level 1 spell: Shock
 10268 | D:8      | Reached skill level 1 in Air Magic
 10414 | D:8      | Noticed Pikel
 10421 | D:8      | Killed Pikel
 10421 | D:8      | Reached XP level 10. HP: 63/63 MP: 4/21
 10471 | D:8      | Found a glowing golden altar of the Shining One.
 11211 | D:9      | Found a glowing silver altar of Zin.
 11218 | D:9      | Noticed a death yak
 11222 | D:9      | Noticed Psyche
 11233 | D:9      | Killed Psyche
 11233 | D:9      | Reached skill level 10 in Conjurations
 11335 | D:9      | Noticed a death yak
 11336 | D:9      | Noticed Gastronok
 11618 | D:9      | Offered knowledge of Freeze by Vehumet.
 11621 | D:9      | Learned a level 1 spell: Freeze
 11761 | D:10     | Entered Level 10 of the Dungeon
 11761 | D:10     | Noticed a hill giant
 11771 | D:10     | Killed a hill giant
 11771 | D:10     | Reached skill level 1 in Ice Magic
 11771 | D:10     | Reached skill level 5 in Air Magic
 11942 | D:10     | Noticed a hill giant
 11957 | D:10     | Killed a hill giant
 11957 | D:10     | Reached skill level 5 in Spellcasting
 12443 | D:10     | Offered knowledge of Static Discharge by Vehumet.
 12446 | D:10     | Slain by an orc warrior

Action                   |  1- 3 |  4- 6 |  7- 9 | 10-12 || total
-------------------------+-------+-------+-------+-------++-------
Melee: Hand axe          |    11 |       |       |       ||    11
       Unarmed           |     1 |       |       |       ||     1
       Dagger            |    33 |    23 |    51 |       ||   107
       Spear             |       |       |    71 |    69 ||   140
 Cast: Magic Dart        |    41 |    55 |    61 |    30 ||   187
       Searing Ray       |     2 |    18 |    52 |    13 ||    85
       Iskenderun's Batt |       |       |    19 |    13 ||    32
       Iskenderun's Myst |       |       |    12 |    15 ||    27
       Throw Flame       |       |       |     2 |    13 ||    15
Evoke: Wand              |     1 |       |     2 |       ||     3
  Use: Potion            |     1 |     3 |     4 |       ||     8
       Scroll            |     8 |       |    12 |     3 ||    23
 Stab: Sleeping          |     7 |     1 |     3 |     3 ||    14
